 Dungeon Crawl Stone Soup version 0.27-a0-562-g0d39f094a4 (webtiles) character file.

Game seed: 5053232622292340644

1460 porpoise the Cudgeller (level 8, 0/49 HPs)
             Began as a Gargoyle Fighter on Mar 8, 2021.
             Killed by divine providence
             ... invoked by an orc priest
              (12 damage)
             ... on level 6 of the Dungeon.
             The game lasted 00:15:25 (6288 turns).

porpoise the Cudgeller (Gargoyle Fighter)           Turns: 6288, Time: 00:15:25

Health: 0/49       AC: 22    Str: 20    XL:     8   Next: 76%
Magic:  8/8        EV:  7    Int:  9    God:
Gold:   260        SH:  9    Dex: 11    Spells: 7/7 levels left

rFire    . . .     SeeInvis .   a - +0 flail
rCold    . . .     Faith    .   c - +0 kite shield
rNeg     + . .     Spirit   .   p - +0 chain mail
rPois    ∞         Reflect  .   g - +0 helmet
rElec    +         Harm     .   (no cloak)
rCorr    .         Rampage  .   n - +1 pair of gloves
Will     .....                  A - +2 pair of boots
Stlth    ..........             (no amulet)
HPRegen  0.16/turn              (no ring)
MPRegen  0.11/turn              (no ring)

@: no status effects
A: negative energy resistance 1, electricity resistance, torment resistance 1,
unbreathing 1, petrification resistance, AC +5
a: no special abilities


You were on level 6 of the Dungeon.
You visited 2 branches of the dungeon, and saw 7 of its levels.

You collected 260 gold pieces.

Inventory:

Hand Weapons
 a - a +0 flail (weapon)
 b - a +1 vorpal hunting sling
Missiles
 f - 138 stones
 j - 13 poisoned darts (quivered)
 t - 20 sling bullets
 F - 5 boomerangs
Armour
 c - a +0 kite shield (worn)
 g - a +0 helmet (worn)
 n - a +1 pair of gloves (worn)
 p - a +0 chain mail (worn)
 A - a +2 pair of boots (worn)
Jewellery
 i - a ring of fire
 m - a ring of fire
 r - a ring of fire
 w - a ring of fire
 G - a ring of protection from fire
Wands
 x - a wand of acid (10)
 C - a wand of iceblast (8)
 H - a wand of charming (3)
Scrolls
 e - 3 scrolls of identify {unknown}
 l - 2 scrolls of magic mapping {unknown}
 q - a scroll of fog {unknown}
 u - a scroll of enchant armour {unknown}
 y - a scroll of enchant weapon {unknown}
 D - 2 scrolls of blinking {unknown}
 E - 2 scrolls of teleportation {unknown}
Potions
 d - 2 potions of might
 h - 2 potions of berserk rage {unknown}
 k - 6 potions of heal wounds {unknown}
 o - a potion of ambrosia {unknown}
 s - a potion of flight {unknown}
 v - a potion of curing {unknown}
 z - a potion of lignification {unknown}
 B - a potion of resistance {unknown}
 I - 2 potions of degeneration {unknown}


   Skills:
 + Level 5.2 Fighting
 - Level 7.0 Maces & Flails
 - Level 5.0 Armour
 - Level 5.0 Dodging
 + Level 3.7 Shields


You had 7 spell levels left.
You didn't know any spells.
Your spell library contained the following spells:

 Spells                   Type           Power      Damage    Failure   Level
 Confusing Touch          Hex            0%         N/A       100%        3
 Gell's Gravitas          Tloc           0%         N/A       100%        3
 Petrify                  Tmut/Erth      0%         N/A       100%        4
 Metabolic Englaciation   Hex/Ice        0%         N/A       100%        5
 Yara's Violent Unravell  Hex/Tmut       0%         3d3       100%        5


Dungeon Overview and Level Annotations

Branches:
Dungeon (6/15)             Temple (1/1) D:5

Altars:
Cheibriados
Elyvilon
Fedhas
Makhleb
Nemelex Xobeh
Okawaru
Ru
Sif Muna
Vehumet
Wu Jian
Xom
Yredelemnul
Zin


Innate Abilities, Weirdness & Mutations

Your stone body is resilient. (AC +5)
You are immune to poison.
You resist negative energy. (rN+)
You are resistant to electric shocks. (rElec)
You are resistant to unholy torment.
You can survive without breathing.
You are immune to petrification.


Message History

You block the orc priest's attack.
The hound skeleton moves out of view.
a - a +0 flail (weapon)
You hit the orc priest.
The orc priest is lightly wounded.
The orc priest hits you but does no damage.
You closely miss the orc priest.
The orc priest is lightly wounded.
The orc priest hits you but does no damage.
The orc warrior hits you with a +0 dire flail.
The orc priest hits you but does no damage. x2
You closely miss the orc priest.
The orc priest is lightly wounded.
The orc priest hits you but does no damage.
You block the orc priest's attack.
Your chain mail prevents you from hitting the orc priest.
The orc priest is lightly wounded.
The orc warrior hits you but does no damage.
The orc wizard hits you but does no damage.
You block the orc priest's attack. x2
The orc priest hits you but does no damage.
The orc warrior hits you but does no damage.
You closely miss the orc priest.
The orc priest is lightly wounded.
The orc priest hits you but does no damage.
You block the orc wizard's attack. You block the orc warrior's attack.
The orc priest barely misses you. The orc wizard barely misses you.
You closely miss the orc priest.
The orc priest is lightly wounded.
The orc priest mumbles some strange prayers to Beogh against you.
Beogh smites you!
The orc warrior hits you with a +0 dire flail.
The orc priest mumbles some strange prayers to Beogh against you.
Beogh smites you!
* * * LOW HITPOINT WARNING * * *
The orc wizard gestures at itself while chanting.
The orc wizard flickers and vanishes!
Deactivating autopickup; reactivate with Ctrl-A.
The orc priest calls down the wrath of Beogh upon you.
Beogh smites you!
You die...

#..#.# #..#.#
#####.o#.#
..#.#......#.#
(.........{..#
#.###.#.##.###
#.#.##o#
#.#.##o#
#.###....#@#
#....#.†...#
#####....####
#
#.......###.#
###.....†<..#
#####.#####
#... #####


You could see an orc warrior and 2 orc priests.

Vanquished Creatures
  Prince Ribbit (D:5)
  Sigmund (D:2)
  2 ogres
  2 centaurs
  2 scorpions
  2 bullfrog skeletons
  5 orc priests
  A centaur skeleton (D:4)
  Terence (D:2)
  An iguana (D:5)
  2 orc wizards
  4 worker ants
  A worker ant zombie (D:5)
  4 gnolls (D:3)
  10 adders
  A shadow imp (D:5)
  A white imp (D:4)
  An ufetubus (D:5)
  2 adder skeletons
  An adder zombie (D:5)
  A worm (D:5)
  5 dart slugs
  6 leopard geckos
  12 orcs
  6 bats
  5 giant cockroaches
  7 goblins
  8 hobgoblins
  7 jackals
  A quokka (D:4)
  A ball python (D:1)
  3 frilled lizards
  A jackal skeleton (D:4)
  8 kobolds
  8 rats
124 creatures vanquished.

Notes
Turn   | Place    | Note
-------+----------+-------------------------------------------
     0 | D:1      | porpoise the Gargoyle Fighter began the quest for the Orb.
     0 | D:1      | Reached XP level 1. HP: 14/14 MP: 1/1
   294 | D:1      | Reached XP level 2. HP: 15/19 MP: 2/2
   660 | D:1      | Reached XP level 3. HP: 24/24 MP: 3/3
  1057 | D:2      | Noticed Terence
  1067 | D:2      | Killed Terence
  1068 | D:2      | Reached skill level 3 in Maces & Flails
  1068 | D:2      | Reached XP level 4. HP: 30/30 MP: 4/4
  1445 | D:2      | Noticed Sigmund
  1459 | D:2      | Killed Sigmund
  1460 | D:2      | Reached skill level 5 in Fighting
  1460 | D:2      | Reached skill level 5 in Maces & Flails
  1460 | D:2      | Reached XP level 5. HP: 35/35 MP: 5/5
  1460 | D:2      | Reached XP level 6. HP: 40/40 MP: 6/6
  1966 | D:3      | You fall into a shaft and drop 2 floors!
  1966 | D:5      | Entered Level 5 of the Dungeon
  1968 | D:5      | Noticed Prince Ribbit
  2235 | D:4      | Reached skill level 6 in Maces & Flails
  2569 | D:3      | Reached XP level 7. HP: 43/44 MP: 7/7
  2921 | D:3      | Found a snail-covered altar of Cheibriados.
  3379 | D:4      | Reached skill level 7 in Maces & Flails
  3452 | D:4      | HP: 2/44 [orc priest/divine providence (13)]
  3772 | D:3      | Reached skill level 1 in Dodging
  4513 | D:5      | Reached XP level 8. HP: 49/49 MP: 8/8
  4517 | D:5      | Found a staircase to the Ecumenical Temple.
  4531 | Temple   | Entered the Ecumenical Temple
  5134 | D:5      | Reached skill level 5 in Armour
  5730 | D:5      | Killed Prince Ribbit
  5731 | D:5      | Reached skill level 5 in Dodging
  6048 | D:5      | Found a shimmering altar of Xom.
  6288 | D:6      | Killed from afar by an orc priest

Illustrated notes

Levels and vault maps discovered:
D:1:      minmay_arrival_wavy_path, layout_basic
D:2:      layout_basic, uniq_terence, uniq_sigmund
D:3:      layout_loops_ring, portal_sewer_entry_e, minmay_fountain_box,
          cheibriados_altar_1
D:4:      layout_basic, minmay_increasing_density
D:5:      layout_loops_ring, yredelemnul_altar_generic,
          minmay_temple_entry_water_ring, basic_altar, uniq_prince_ribbit1
D:6:      layout_loops_ring, nicolae_dithmenos_through_a_glass_darkly
Temple:   minmay_temple_forest_path

Skill      XL: |  1  2  3  4  5  6  7  8 |
---------------+-------------------------+-----
Fighting       | 4 5 |  5.2
Maces & Flails | 3 5 6 7 |  7.0
Dodging        | 2 5 |  5.0
Armour         | 4 5 |  5.0
Shields        | |  3.7

Action                   |  1- 3 |  4- 6 |  7- 9 || total
-------------------------+-------+-------+-------++-------
Melee: Flail             |    90 |   103 |   192 ||   385
 Fire: Hunting sling     |     4 |    51 |   115 ||   170
Throw: Dart              |       |       |     1 ||     1
Evoke: Wand              |       |       |     2 ||     2
Armor: Scale mail        |    55 |       |       ||    55
       Chain mail        |       |   105 |   132 ||   237
Dodge: Dodged            |    33 |    33 |    60 ||   126
Block: Kite shield       |    42 |    55 |   105 ||   202

Table legend: (Time is in decaauts)
 A = Elapsed time spent in this place.
 B = Non-inter-level travel time spent in this place.
 C = Inter-level travel time spent in this place.
 D = Time resting spent in this place.
 E = Time spent auto-exploring this place.
 F = Levels seen in this place.
 G = Mean time per level.
                   A        B        C        D        E       F      G
               +--------+--------+--------+--------+--------+-----+--------+
         Total |   6469 |   6231 |    238 |   1408 |   3416 |   7 |  924.1 |
       Dungeon |   5961 |   5768 |    193 |   1408 |   2954 |   6 |  993.5 |
        Temple |    507 |    462 |     45 |      0 |    462 |   1 |  507.0 |
               +--------+--------+--------+--------+--------+-----+--------+

Top non-repeatable levels by time:
     D:3: 1501 daAuts
     D:5: 1306 daAuts
     D:4: 1186 daAuts
     D:1: 1065 daAuts
     D:2: 804 daAuts
  Temple: 507 daAuts
     D:6: 96 daAuts
